 Dungeon Crawl Stone Soup version 0.30.0-10-gfe55d96785 (webtiles) character file.

Game seed: 14451358483225623323

277 Cheops the Poker (level 6, 0/41 HPs)
             Began as a Merfolk Fire Elementalist on May 14, 2023.
             Was a Follower of Jiyva.
             Slain by a wolf (2 damage)
             ... led by Grum
             ... on level 8 of the Dungeon.
             The game lasted 00:15:17 (3709 turns).

Cheops the Poker (Merfolk Fire Elementalist)        Turns: 3709, Time: 00:15:17

Health: 0/41       AC: 16    Str: 14    XL:     6   Next: 26%
Magic:  10/10      EV:  7    Int: 17    God:    Jiyva [*.....]
Gold:   290        SH:  0    Dex: 14    Spells: 5/11 levels left

rFire   . . .        a - +0 trident
rCold   . . .        (no shield)
rNeg    . . .        u - +7 chain mail of Fuyless {rPois}
rPois   +            e - +0 helmet
rElec   .            (no cloak)
rCorr   .            (no gloves)
SInv    .            (no boots)
Will    .....        (no amulet) Stlth
                     d - +6 ring of strength
HPRegen 1.06/turn    (no ring)
MPRegen 0.37/turn

%: no passive effects
@: no status effects
A: (nimble swimmer 2), mertail
a: Renounce Religion


You were on level 8 of the Dungeon.
You worshipped Jiyva.
Jiyva was aware of your devotion.
You visited 1 branch of the dungeon, and saw 6 of its levels.

You collected 290 gold pieces.

Inventory:

Hand Weapons
 a - a +0 trident (weapon)
 q - the +5 mace of Ignis {heavy, rF+ rN+ Dex-2}
   (You found it on level 2 of the Dungeon)

   Dex:       It affects your dexterity (-2).
   rF:        It protects you from fire.
   rN:        It protects you from negative energy.
 v - a +0 glaive
Armour
 e - a +0 helmet (worn)
 i - a +0 robe
 u - the +7 chain mail of Fuyless (worn) {rPois}
   (You found it on level 3 of the Dungeon)

   rPois:     It protects you from poison.
Jewellery
 d - a +6 ring of strength (left hand)
Wands
 r - a wand of acid (3)
Scrolls
 c - a scroll of identify
 g - a scroll of brand weapon {unknown}
 j - a scroll of enchant weapon {unknown}
 l - 2 scrolls of noise {unknown}
 o - a scroll of teleportation {unknown}
Potions
 b - a potion of magic
 f - 2 potions of attraction {unknown}
 h - a potion of brilliance
 k - a potion of flight {unknown}
 m - a potion of heal wounds {unknown}
 n - a potion of curing {unknown}
 p - a potion of cancellation {unknown}
 s - 2 potions of mutation {unknown}
 t - a potion of lignification {unknown}


   Skills:
 + Level 5.0 Polearms
 - Level 2.6 Dodging
 - Level 2.1 Stealth
 - Level 3.0 Spellcasting
 - Level 2.0 Conjurations
 - Level 2.8 Hexes
 - Level 2.1 Fire Magic


You had 5 spell levels left.
You knew the following spells:

 Your Spells              Type           Power      Damage    Failure   Level
a - Foxfire               Conj/Fire      36%        2x1d5     82%         1
d - Tukima's Dance        Hex            12%        N/A       97%         3
s - Scorch                Fire           18%        2d5       91%         2

Your spell library contained the following spells:

 Spells                   Type           Power      Damage    Failure   Level
 Inner Flame              Hex/Fire       11%        N/A       98%         3
 Portal Projectile        Hex/Tloc       14%        N/A       99%         3
 Ignite Poison            Fire/Tmut/Pois 5%         N/A       100%        3
 Ozocubu's Armour         Ice            2%         N/A       100%        3
 Volatile Blastmotes      Fire/Tloc      12%        2d11      100%        3
 Flame Wave               Conj/Fire      9%         2d6       100%        4
 Sticky Flame             Conj/Fire      9%         2d3       100%        4
 Blade Hands              Tmut           1%         N/A       100%        5
 Ozocubu's Refrigeration  Ice            1%         4d7       100%        7
 Ignition                 Fire           4%         3d4       100%        8


Dungeon Overview and Level Annotations

Branches:
Dungeon (8/15)             Temple (0/1) D:5
   Lair: D:8-11

Altars:
Dithmenos
Fedhas
Nemelex Xobeh
Uskayaw
Jiyva

Shops:
D:1 (   D:2 :   D:3 [   D:8 =


Innate Abilities, Weirdness & Mutations

((You are very nimble when in or above water. (Stealth+, EV+, Speed+++)))
Your lower body shifts to a powerful aquatic tail in water.


Message History

You hit the gnoll.
The gnoll is moderately wounded.
The gnoll hits you but does no damage. The gnoll hits you with a +0 flail!
You hit the wolf but do no damage. The wolf bites you but does no damage.
The gnoll hits you but does no damage.
A gnoll comes into view. It is wielding a +0 spear.
The gnoll hits you but does no damage.
The gnoll shouts!
You hit the wolf.
The wolf is lightly wounded.
The wolf bites you but does no damage. The wolf barely misses you.
The gnoll barely misses you. The gnoll hits you but does no damage.
You hit the wolf.
The wolf is heavily wounded.
The wolf bites you but does no damage. The wolf bites you.
The gnoll hits you from afar with a +3 spear.
The gnoll hits you with a +0 flail!
* * * LOW HITPOINT WARNING * * *
The gnoll sergeant hits you from afar with a +0 spear.
* * * LOW HITPOINT WARNING * * *
You hit the wolf.
The wolf is heavily wounded.
The wolf barely misses you.
The gnoll sergeant hits you from afar with a +0 spear!
* * * LOW HITPOINT WARNING * * *
The gnoll hits you from afar with a +3 spear.
* * * LOW HITPOINT WARNING * * *
The wolf bites you but does no damage.
You closely miss the wolf.
The wolf is heavily wounded.
The wolf bites you but does no damage. The gnoll hits you but does no damage.
The gnoll hits you with a +0 flail.
* * * LOW HITPOINT WARNING * * *
The gnoll sergeant hits you but does no damage.
Okay, then.
As you read the scroll labelled GIAXYG ORCHUDE, it crumbles to dust.
It is a scroll of identify.
h - a potion of brilliance The wolf bites you.
You die...

... ....#### ... ......#
.... ...... ## .....
........
##.###.....(..##......#
#..................#..#
.......#.......h.#.#..#
........#.......@#....#
...# #..........#gg..# #..
..8# #8..#.....##gg..#....
.###+###.....g####........
.'''∩'''.......##../......
.###+###.......g..........
..8# #8.......#.#.........
...# #....$...####........
..............# .........


You could see a gnoll sergeant, a wolf and 4 gnolls.

Vanquished Creatures
  An ogre (D:5)
  An orc priest (D:3)
  A gnoll (D:3)
  3 adders (D:2)
  An ufetubus (D:4)
  4 worms
  2 dart slugs
  6 orcs
  3 endoplasms
  A giant cockroach (D:2)
  8 hobgoblins
  5 jackals
  6 quokkas
  5 ball pythons
  9 bats
  A frilled lizard (D:2)
  4 goblins
  5 kobolds
  A rat (D:2)
67 creatures vanquished.

Vanquished Creatures (collateral kills)
  3 gnolls (D:3)
  2 foxfires (D:2)
5 creatures vanquished.

Vanquished Creatures (others)
  A jelly (D:8)
  An endoplasm (D:4)
  2 kobolds (D:4)
  181 foxfires
185 creatures vanquished.

Grand Total: 257 creatures vanquished

Notes
Turn   | Place    | Note
-------+----------+-------------------------------------------
     0 | D:1      | Cheops the Merfolk Fire Elementalist began the quest for
                  | the Orb.
     0 | D:1      | Reached XP level 1. HP: 13/13 MP: 3/3
   120 | D:1      | Reached skill level 1 in Conjurations
   292 | D:1      | Reached XP level 2. HP: 19/19 MP: 0/5
   519 | D:1      | Found Rishoaga's Weapon Shop.
   897 | D:2      | Reached skill level 1 in Polearms
   897 | D:2      | Reached XP level 3. HP: 24/24 MP: 3/6
   910 | D:2      | Reached skill level 2 in Polearms
  1105 | D:2      | Reached skill level 3 in Polearms
  1183 | D:2      | Identified the +5 mace of Ignis {heavy, rF+ rN+ Dex-2}
  1258 | D:2      | Found Pyodgh's Book Shoppe.
  1340 | D:2      | Reached XP level 4. HP: 25/30 MP: 4/7
  2117 | D:2      | Learned a level 3 spell: Tukima's Dance
  2120 | D:2      | Learned a level 2 spell: Scorch
  2361 | D:3      | Reached skill level 1 in Hexes
  2519 | D:3      | Reached XP level 5. HP: 35/35 MP: 6/9
  2661 | D:3      | Found Fithoi's Armour Shop.
  2786 | D:3      | Found a blossoming altar of Fedhas.
  2786 | D:3      | Found a sparkling altar of Nemelex Xobeh.
  2806 | D:3      | Identified the +7 chain mail of Fuyless {rPois}
  2808 | D:3      | Found a faded altar of an unknown god.
  3306 | D:3      | Found a hide-covered altar of Uskayaw.
  3468 | D:3      | Prayed at the altar of an unknown god.
  3468 | D:3      | Became a worshipper of Jiyva Jugoif the Shapeless
  3468 | D:3      | Reached * piety under Jiyva
  3541 | D:4      | Found a shadowy altar of Dithmenos.
  3627 | D:4      | Noticed an ogre
  3632 | D:5      | Entered Level 5 of the Dungeon
  3646 | D:5      | Noticed an ogre
  3656 | D:5      | Killed an ogre
  3657 | D:5      | Reached skill level 4 in Polearms
  3657 | D:5      | Reached XP level 6. HP: 41/41 MP: 10/10
  3664 | D:5      | Reached skill level 5 in Polearms
  3665 | D:5      | Found a staircase to the Ecumenical Temple.
  3665 | D:5      | You fall into a shaft and drop 3 floors!
  3678 | D:8      | Found Boyss's Jewellery Shop.
  3708 | D:8      | HP: 1/41 [gnoll/+0 flail[a gnoll sergeant] (6)]
  3709 | D:8      | Slain by a wolf

Illustrated notes

Levels and vault maps discovered:
D:1:      matt_arrival_spirals, layout_basic, serial_shops, shop
D:2:      layout_basic, serial_shops, shop, chequers_big_river,
          minmay_heptomino_l4
D:3:      layout_basic, gammafunk_temple_overflow_statue,
          mainiacjoe_overflow_alcove_2, serial_shops, shop,
          ebering_ecumenical_altar_box, st_stairs_1
D:4:      layout_gridville, good_gods_mini_temple, ashenzari_altar_1,
          lemuel_doored_altar, mainiacjoe_overflow_six_doors_small,
          ebering_ghost_rock_garden, abandoned_shop, bh_walls_and_bars
D:5:      layout_loops_ring, mainiacjoe_overflow_small_starburst,
          minmay_temple_entry_statues_fountains
D:8:      layout_cave_pools, serial_shops, nicolae_shop_real_fake_doors,
          uniq_maurice, uniq_grum

Skill      XL: |  1  2  3  4  5  6 |
---------------+-------------------+-----
Conjurations   | 1 2 |  2.0
Polearms       | 1 3 4 5 |  5.0
Spellcasting   | 3 |  3.0
Hexes          | 1 2 |  2.8
Dodging        | |  2.6
Stealth        | |  2.1
Fire Magic     | |  2.1

Action                     |  1- 3 |  4- 6 || total
---------------------------+-------+-------++-------
  Melee: Unarmed           |     2 |       ||     2
         Trident           |    12 |    92 ||   104
         Punch             |       |     1 ||     1
   Cast: Foxfire           |    38 |    61 ||    99
         Scorch            |       |     2 ||     2
         Tukima's Dance    |       |     3 ||     3
  Evoke: Wand              |       |     2 ||     2
    Use: Scroll            |       |     1 ||     1
   Stab: Sleeping          |       |     1 ||     1
 Armour: Robe              |    12 |    23 ||    35
         Chain mail        |       |    41 ||    41
  Dodge: Dodged            |    34 |    60 ||    94
